 Dungeon Crawl Stone Soup version 0.31-a0-229-g1fc7ce93e2 (webtiles) character file.

Game seed: 14079819547018816344

81620 olmar the Brawler (level 14, -7/160 (162) HPs)
             Began as a Demigod Transmuter on July 6, 2023.
             Mangled by a vampire mage
             ... wielding a +0 antimagic halberd
              (16 damage)
             ... in a wizard's laboratory.
             The game lasted 00:51:07 (22649 turns).

olmar the Brawler (Demigod Transmuter)             Turns: 22649, Time: 00:51:07

HP:   -7/160 (162)  AC: 20    Str: 24    XL:     14   Next: 87%
MP:   0/33          EV: 19    Int: 27    God:
Gold: 1124          SH:  0    Dex: 18    Spells: 17/35 levels left

rFire   + .          .
                       - Unarmed
rCold   + + .        (shield currently unavailable)
rNeg    + . .        B - +6 scale mail of the Sea {Str+2 Int+3}
rPois   .            q - +1 helmet
rElec   .            J - scarf of Integrity {rC+ rF+, Rampage rN+ Stlth-}
rCorr   .            k - melded -1 pair of gloves of Rotten Mirth {rPois rC- Will+}
SInv    .            Q - +0 pair of boots
Will    +....        E - amulet of regeneration Stlth
                     c - +6 ring of intelligence
HPRegen 1.26/turn    i - +5 ring of evasion
MPRegen 0.23/turn

%: rampage
@: berserking (expiring), blade hands, flayed, studying Polearms, lightly
drained, very quick
A: high MP 1, forlorn, divine attributes, iridescent scales 1, agile 1, cold
resistance 1, robust 1, MP-powered wands
a: End Transformation


You were in a wizard's laboratory.
You had blades for hands.
You visited 4 branches of the dungeon, and saw 19 of its levels.
You also visited: Sewer, Volcano and Wizlab.

You collected 1864 gold pieces.
You spent 740 gold pieces at shops.

Inventory:

Missiles
 b - 9 javelins
 f - 39 poisoned darts
 s - a curare-tipped dart (quivered)
 F - 10 boomerangs
Armour
 a - a +0 robe
 g - a +2 leather armour of fire resistance
 h - a +2 chain mail of cold resistance
 k - the -1 pair of gloves of Rotten Mirth (melded) {rPois rC- Will+}
   (You found it on level 2 of the Dungeon)

   rC:        It makes you vulnerable to cold.
   rPois:     It protects you from poison.
   Will:      It increases your willpower.
 q - a +1 helmet (worn)
 t - a +2 cloak
 u - the +1 cloak of Starlight {*Dazzle EV+4 Stlth--}
   (You acquired it on level 3 of the Lair of Beasts)

   *Dazzle:   It may blind those who miss an attack against the wearer in melee
   combat.
   EV:        It affects your evasion (+4).
   Stlth:     It makes you much less stealthy.
 B - the +6 scale mail of the Sea (worn) {Str+2 Int+3}
   (You found it on level 5 of the Dungeon)

   Str:       It affects your strength (+2).
   Int:       It affects your intelligence (+3).
 H - a +2 troll leather armour {Snorg}
 J - the scarf of Integrity (worn) {rC+ rF+, Rampage rN+ Stlth-}
   (You bought it in a shop on level 2 of the Orcish Mines)

   rN:        It protects you from negative energy.
   Rampage:   It bestows one free step when moving towards enemies.
   Stlth:     It makes you less stealthy.
 N - a +0 troll leather armour
 P - a scarf of harm
 Q - a +0 pair of boots (worn)
 T - +0 steam dragon scales
 X - the +2 pair of gloves "Beig" {*Corrode +Inv Int+8 Dex-4}
   (You found it on level 4 of the Lair of Beasts)

   Int:       It affects your intelligence (+8).
   Dex:       It affects your dexterity (-4).
   +Inv:      It lets you turn invisible.
   *Corrode:  It may corrode you when you take damage.
Jewellery
 c - a +6 ring of intelligence (left blade hand)
 e - a ring of willpower
 i - a +5 ring of evasion (right blade hand)
 l - a ring of ice
 A - a ring of positive energy
 D - a ring of wizardry
 E - an amulet of regeneration (around neck)
 I - a ring of resist corrosion
 K - a ring of flight
Wands
 M - a wand of digging (7)
 S - a wand of roots (3)
 W - a wand of quicksilver (1)
Scrolls
 d - 2 scrolls of noise
 x - 2 scrolls of teleportation
 C - 3 scrolls of enchant weapon
 G - 3 scrolls of enchant armour
 U - 2 scrolls of vulnerability
 V - a scroll of torment
Potions
 j - 5 potions of mutation
 n - 4 potions of attraction
 o - 2 potions of brilliance
 p - 3 potions of enlightenment {unknown}
 r - 2 potions of curing
 v - 3 potions of cancellation
 O - 2 potions of might


   Skills:
 + Level 2.1 Fighting
 + Level 1.0 Throwing
 - Level 8.6 Armour
 - Level 7.8 Dodging
 - Level 0.5 Stealth
 + Level 16.3 Unarmed Combat
 + Level 11.0 Spellcasting
 - Level 0.4 Summonings
 + Level 11.0 Transmutations
 - Level 0.1 Evocations


You had 17 spell levels left.
You knew the following spells:

 Your Spells              Type           Power      Damage    Failure   Level
a - Beastly Appendage     Tmut           100%       N/A       7%          1
b - Wereblood             Tmut           65%        N/A       8%          2
c - Spider Form           Tmut/Pois      44%        N/A       24%         3
d - Ice Form              Ice/Tmut       44%        N/A       43%         4
e - Summon Small Mammal   Summ           68%        N/A       38%         1
f - Blade Hands           Tmut           32%        N/A       24%         5
g - Blink                 Tloc           28%        N/A       50%         2

Your spell library contained the following spells:

 Spells                   Type           Power      Damage    Failure   Level
 Ignite Poison            Fire/Tmut/Pois 34%        N/A       34%         3
 Apportation              Tloc           28%        N/A       43%         1
 Necrotise                Necr           56%        1d6       43%         1
 Poisonous Vapours        Pois/Air       28%        N/A       50%         2
 Call Canine Familiar     Summ           17%        N/A       63%         3
 Summon Guardian Golem    Hex/Summ       16%        N/A       65%         3
 Mephitic Cloud           Conj/Pois/Air  14%        N/A       67%         3
 Swiftness                Air            14%        N/A       67%         3
 Vampiric Draining        Necr           14%        2d7       67%         3
 Vhi's Electric Charge    Tloc/Air       28%        N/A       67%         3
 Volatile Blastmotes      Fire/Tloc      28%        2d12      67%         3
 Animate Armour           Summ/Erth      32%        N/A       91%         4
 Summon Lightning Spire   Summ/Air       16%        N/A       91%         4
 Fulminant Prism          Conj/Hex       7%         3d7       93%         4
 Iskenderun's Mystic Bla  Conj/Tloc      14%        2d5       93%         4
 Manifold Assault         Tloc           14%        N/A       93%         4
 Eringya's Noxious Bog    Tmut/Pois      22%        4d6       98%         6
 Agony                    Necr           14%        N/A       99%         5
 Arcjolt                  Conj/Air       7%         1d17      99%         5
 Freezing Cloud           Conj/Ice/Air   7%         6-21      99%         5
 Lee's Rapid Deconstruct  Erth           7%         3d6*      99%         5
 Summon Forest            Summ/Tloc      8%         N/A       99%         5
 Storm Form               Tmut/Air       22%        N/A       100%        7
 Summon Hydra             Summ           8%         N/A       100%        7
 Maxwell's Capacitive Co  Air            7%         ∞         100%        8
 Chain Lightning          Conj/Air       7%         3d9       100%        9


Dungeon Overview and Level Annotations

Branches:
Dungeon (11/15)            Temple (0/1) D:7            Lair (5/5) D:11
 Shoals (0/4) Lair:3        Snake (0/4) Lair:3        Slime (0/5) Lair:4
    Orc (2/2) D:10            Elf (1/3) Orc:2         Sewer (visited)
Volcano (visited)          WizLab (1/1)

Shops:
Orc:2 [*=(

Annotations:
D:8 1 runed translucent door, puppykicker's ghost, novice SpGl
Elf:1 3 runed translucent doors


Innate Abilities, Weirdness & Mutations

You have blades for hands.
Your spellcasting is less reliable in this form.
You are incapable of wielding weapons or throwing items.
You have an increased reservoir of magic. (+10% MP)
You shall have no god before yourself.
Your divine heritage dramatically boosts your attributes as you level up.
You are partially covered in iridescent scales. (AC +2)
You are agile. (Dex +4, Str/Int -1)
Your flesh is cold resistant. (rC+)
You are robust. (+10% HP)
You expend magic power (3 MP) to strengthen your wands.


Message History

You slice the quicksilver dragon!!
The quicksilver dragon is almost dead.
The quicksilver dragon bites you but does no damage.
The quicksilver dragon misses you.
Unknown command.
Unknown command.
You barely miss the quicksilver dragon.
The quicksilver dragon is almost dead.
Unknown command.
Really walk into that cloud of poison gas?
Okay, then.
Unknown command.
You slice something!!
The quicksilver dragon closely misses you.
The quicksilver dragon claws you but does no damage.
Something hits you.
* * * LOW HITPOINT WARNING * * *
You feel your power leaking away. The flayed ghost misses you.
The shadow strikes at you from the darkness!
Reactivating autopickup.
Unknown command.
Unknown command.
Unknown command.
You hit the quicksilver dragon but do no damage.
The quicksilver dragon is severely wounded.
The quicksilver dragon barely misses you.
The quicksilver dragon claws you but does no damage.
The tengu reaver is engulfed in poison gas.
The tengu reaver looks even sicker.
The tengu reaver closely misses you.
The tengu reaver hits you with a +2 antimagic quick blade!
* * * LOW HITPOINT WARNING * * *
The tengu reaver pecks you but does no damage.
The tengu reaver claws you but does no damage.
Unknown command.
Unknown command.
You hit the quicksilver dragon. You slash the quicksilver dragon!
The quicksilver dragon is almost dead.
Something hits you!
You die...

..♣##.....##....##..♣
.#.☼..☼§#......##...##..♣
#°.☼...§.##..b.§##...#..♣
## ☼.#§.#§.§#.)..§.#......♣
#..#○☼§§.§#○b#)§♣..#...#..♣
..☼§♣§§♣..☼.♣°☼♣.b♣...♣..♣
..#§♣☼☼§°♣S#b☼§§§§.qp.).§.♣
..#§☼§~§~QD#.§.§♣.........♣
...○○☼☼§§~@☼§..☼♣####p{####
#..#○♣§§~§♣W#W§○♣♣ #.)#
...#°♣~§♣.#{.§○♣ +N.+
♣...§...○°.n☼.○♣ #..#
#..○§#.○#°.§.○.♣ +..+
#..○.♣§§♣§.°°○## #..#
#...♣♣☼.♣♣.○§## #..#
##...♣..♣..☼## #..#
##........## +..'


You could see a quicksilver dragon, a tengu reaver (very poisoned), a flayed
ghost (summoned), a mana viper, a necrophage (summoned) and a shadow (summoned).

Vanquished Creatures
  An orc warlord (Orc:2)
  Snorg (Lair:3)
  A hydra (Lair:5)
  A spriggan air mage (WizLab)
  An ogre mage (WizLab)
  3 two-headed ogres
  A boulder beetle (D:9)
  7 dancing weapons (Elf:1)
  2 centaur warriors
  3 catoblepae (Lair:5)
  4 death yaks (Lair:5)
  3 orc high priests (Orc:2)
  A vampire mage (WizLab)
  2 deep elf knights (Elf:1)
  2 skysharks
  A fire crab (Volcano)
  A salamander mystic (WizLab)
  2 deep elf archers (Elf:1)
  An obsidian statue (Volcano)
  9 deep elf zephyrmancers (Elf:1)
  4 orc knights
  A necromancer (WizLab)
  3 mana vipers (WizLab)
  6 deep elf pyromancers (Elf:1)
  A lindwurm (Volcano)
  4 orc sorcerers (Orc:2)
  An ugly thing (D:11)
  2 naga magi (WizLab)
  2 manticores (Lair:5)
  7 black mambas
  18 cane toads
  A gargoyle (D:11)
  3 unseen horrors
  7 komodo dragons
  2 kobold demonologists (D:11)
  A rime drake (Lair:5)
  A tengu conjurer (WizLab)
  7 polar bears
  8 trolls
  3 hornets
  Prince Ribbit (D:6)
  15 blink frogs
  11 dream sheep
  An air elemental (Elf:1)
  A water elemental (Elf:1)
  A snapping turtle (Lair:3)
  3 wraiths
  2 shadows
  Grum (D:10)
  6 fire bats (Volcano)
  64 yaks
  2 wyverns
  3 fire elementals (Elf:1)
  4 vampire mosquitoes (D:11)
  6 basilisks
  A golden eye (Lair:4)
  2 steam dragons
  5 nagas (Lair:3)
  7 wargs
  19 water moccasins
  3 hell hounds
  22 orc warriors
  2 black bears
  Pargi (Sewer)
  6 ogres
  13 wolves
  13 centaurs
  A phantom (D:3)
  4 kobold brigands
  10 bullfrogs
  5 scorpions
  13 wights
  7 killer bees (D:9)
  An electric eel (Lair:3)
  7 lava snakes (Volcano)
  4 hounds
  10 orc priests
  A jelly (D:6)
  9 hell rats
  2 iguanas (D:5)
  10 orc wizards
  10 adders
  3 gnolls (D:6)
  A shadow imp (D:5)
  5 white imps
  An ufetubus (D:5)
  5 worms
  3 dart slugs
  34 orcs
  7 endoplasms
  3 giant cockroaches
  2 goblins
  3 hobgoblins
  22 kobolds
  4 quokkas
  16 ball pythons
  4 bats
  2 frilled lizards
  A hobgoblin zombie (D:4)
  A kobold skeleton (D:4)
  4 rats
559 creatures vanquished.

Vanquished Creatures (collateral kills)
  A hydra (Lair:4)
  A boulder beetle (D:9)
  Urug (Lair:1)
  A bullfrog (Lair:1)
  Dowan (D:6)
  A kobold (D:11)
6 creatures vanquished.

Vanquished Creatures (others)
  A culicivora (shapeshifter) (Elf:1)
  3 killer bees (D:9)
4 creatures vanquished.

Grand Total: 569 creatures vanquished

Notes
Turn   | Place    | Note
-------+----------+-------------------------------------------
     0 | D:1      | olmar the Demigod Transmuter began the quest for the Orb.
     0 | D:1      | Reached XP level 1. HP: 15/15 MP: 5/5
   199 | D:1      | Reached skill level 3 in Unarmed Combat
   259 | D:1      | Reached XP level 2. HP: 20/22 MP: 7/7
   396 | D:1      | Learned a level 2 spell: Wereblood
   676 | D:2      | Identified the -1 pair of gloves of Rotten Mirth {rPois rC-
                  | Will+}
   722 | D:2      | Reached XP level 3. HP: 25/27 MP: 8/8
   999 | D:2      | Reached skill level 4 in Unarmed Combat
  1025 | D:2      | Reached XP level 4. HP: 33/34 MP: 9/9
  1228 | D:2      | Learned a level 3 spell: Spider Form
  1413 | D:3      | Noticed a phantom
  1439 | D:3      | Killed a phantom
  1440 | D:3      | Reached XP level 5. HP: 17/39 MP: 8/10
  2566 | D:4      | You fall into a shaft and drop 1 floor!
  2566 | D:5      | Entered Level 5 of the Dungeon
  2590 | D:5      | Reached skill level 5 in Unarmed Combat
  2708 | D:5      | Noticed a centaur
  2711 | D:5      | Killed a centaur
  2712 | D:5      | Reached XP level 6. HP: 24/46 MP: 11/13
  2836 | D:5      | Found a glowing drain.
  2845 | Sewer    | Entered a sewer
  2862 | Sewer    | Learned a level 4 spell: Ice Form
  2881 | Sewer    | Noticed Pargi
  2892 | Sewer    | Killed Pargi
  3056 | D:5      | Identified the +6 scale mail of the Sea {Str+2 Int+3}
  3700 | D:5      | Noticed a water moccasin
  3714 | D:5      | Killed a water moccasin
  3715 | D:5      | Reached XP level 7. HP: 50/51 MP: 12/15
  3717 | D:5      | Reached skill level 6 in Unarmed Combat
  4221 | D:6      | Noticed Prince Ribbit
  4238 | D:6      | Reached skill level 1 in Armour
  4255 | D:6      | Killed Prince Ribbit
  4256 | D:6      | Reached XP level 8. HP: 43/58 MP: 14/17
  4258 | D:6      | Reached skill level 7 in Unarmed Combat
  4337 | D:6      | Noticed Duvessa
  4339 | D:6      | Duvessa changed into Duvessa the scorpion
  4339 | D:6      | Noticed Duvessa
  4354 | D:6      | Noticed Dowan
  4363 | D:6      | Killed Dowan
  4374 | D:6      | Killed Duvessa the scorpion
  4626 | D:6      | Reached skill level 5 in Transmutations
  4680 | D:6      | Learned a level 1 spell: Summon Small Mammal
  5493 | D:7      | Found a staircase to the Ecumenical Temple.
  5516 | D:7      | Reached skill level 5 in Spellcasting
  5542 | D:7      | Noticed a hornet
  5551 | D:7      | Killed a hornet
  5552 | D:7      | Reached skill level 8 in Unarmed Combat
  5552 | D:7      | Reached XP level 9. HP: 61/63 MP: 17/20
  6429 | D:8      | Found a runed translucent door.
  6432 | D:8      | Noticed puppykicker's ghost (novice SpGl)
  6435 | D:8      | Identified the +6 spear of Blood {heavy, Str+3}
  7047 | D:9      | Learned a level 5 spell: Blade Hands
  7198 | D:9      | Noticed a boulder beetle
  7248 | D:9      | Noticed a two-headed ogre
  7248 | D:9      | Killed a boulder beetle
  7249 | D:9      | Reached skill level 9 in Unarmed Combat
  7258 | D:9      | Killed a two-headed ogre
  7259 | D:9      | Reached XP level 10. HP: 28/70 MP: 22/22
  7506 | D:9      | Noticed a boulder beetle
  7506 | D:9      | Noticed a centaur warrior
  7823 | D:9      | Killed a centaur warrior
  7824 | D:9      | Reached skill level 5 in Dodging
  7870 | D:9      | Killed a boulder beetle
  7871 | D:9      | Reached skill level 5 in Armour
  8024 | D:9      | Reached skill level 10 in Unarmed Combat
  8185 | D:10     | Entered Level 10 of the Dungeon
  8320 | D:10     | Noticed Grum
  8342 | D:10     | Killed Grum
  8434 | D:10     | Noticed a centaur warrior
  8445 | D:10     | Killed a centaur warrior
  8446 | D:10     | Reached XP level 11. HP: 65/75 MP: 22/25
  9209 | D:10     | Found a staircase to the Orcish Mines.
  9471 | D:10     | Noticed a two-headed ogre
  9518 | D:10     | Killed a two-headed ogre
  9903 | D:11     | Found a staircase to the Lair.
  9967 | D:11     | Reached skill level 11 in Unarmed Combat
 11297 | Orc:1    | Entered Level 1 of the Orcish Mines
 11297 | Orc:1    | Noticed a two-headed ogre
 11379 | Lair:1   | Entered Level 1 of the Lair of Beasts
 11551 | Lair:1   | Noticed Urug
 11564 | Lair:1   | Killed Urug
 12231 | Lair:1   | Reached skill level 12 in Unarmed Combat
 12341 | Lair:1   | Reached XP level 12. HP: 82/82 MP: 28/28
 13446 | Lair:2   | Gained mutation: You have hidden genetic potential. [potion
                  | of mutation]
 13446 | Lair:2   | Gained mutation: You are robust. (+10% HP) [potion of
                  | mutation]
 13446 | Lair:2   | Gained mutation: You expend magic power (3 MP) to
                  | strengthen your wands. [potion of mutation]
 13446 | Lair:2   | Gained mutation: You are partially covered in iridescent
                  | scales. (AC +2) [potion of mutation]
 14286 | Lair:2   | Paralysed by a hornet for 1 turns
 14606 | Lair:3   | Found a staircase to the Snake Pit.
 14730 | Lair:3   | Identified a scroll of acquirement
 14730 | Lair:3   | Acquired the +1 cloak of Starlight {*Dazzle EV+4 Stlth--}
 14730 | Lair:3   | Found the +1 cloak of Starlight {*Dazzle EV+4 Stlth--}
 14780 | Lair:3   | Reached skill level 1 in Fighting
 14965 | Lair:3   | Noticed Snorg
 14979 | Lair:3   | Killed Snorg
 15243 | Lair:3   | Found a staircase to the Shoals.
 16047 | Lair:4   | Found a staircase to the Slime Pits.
 16127 | Lair:4   | Reached skill level 13 in Unarmed Combat
 16188 | Lair:4   | Noticed a five-headed hydra
 16204 | Lair:4   | a nine-headed hydra changed into a golden eye
 16624 | Lair:4   | Identified the +2 pair of gloves "Beig" {*Corrode +Inv
                  | Int+8 Dex-4}
 16809 | Lair:4   | Reached XP level 13. HP: 88/99 MP: 25/30
 17494 | Lair:4   | Gained mutation: Your flesh is cold resistant. (rC+)
                  | [hidden potential]
 17849 | Lair:5   | Entered Level 5 of the Lair of Beasts
 17911 | Lair:5   | Identified the +8 long sword "Embalmer" {heavy, rPois
                  | Str+3}
 18031 | Lair:5   | Reached skill level 14 in Unarmed Combat
 18318 | Lair:5   | Found a dark tunnel.
 18328 | Volcano  | Entered a volcano
 19782 | Lair:5   | Got the Papyrus of Duck's Teeth
 19823 | Lair:5   | Reached skill level 10 in Spellcasting
 19920 | Lair:5   | Reached skill level 15 in Unarmed Combat
 19920 | Lair:5   | Reached XP level 14. HP: 106/106 MP: 32/32
 20646 | Orc:2    | Entered Level 2 of the Orcish Mines
 20680 | Orc:1    | Gained mutation: You are agile. (Dex +4, Str/Int -1)
                  | [hidden potential]
 20680 | Orc:1    | Lost mutation: You have hidden genetic potential. [hidden
                  | potential expressed]
 21048 | Orc:2    | Reached skill level 10 in Transmutations
 21070 | Orc:2    | Found Fics's Jewellery Emporium.
 21082 | Orc:2    | Noticed an orc warlord
 21101 | Orc:2    | Killed an orc warlord
 21212 | Orc:2    | Found Simoten's Antique Armour Shoppe.
 21397 | Orc:2    | Reached skill level 1 in Throwing
 21578 | Orc:2    | Found Funujiarph's Antique Weapon Shop.
 21604 | Orc:2    | Found Rodiub's General Store.
 21615 | Orc:2    | Found a staircase to the Elven Halls.
 21987 | Orc:2    | Bought an amulet of regeneration for 420 gold pieces
 22007 | Orc:2    | Bought a faintly humming scarf for 320 gold pieces
 22007 | Orc:2    | Identified the scarf of Integrity {rC+ rF+, Rampage rN+
                  | Stlth-} (You bought it in a shop on level 2 of the Orcish
                  | Mines)
 22051 | Elf:1    | Entered Level 1 of the Elven Halls
 22234 | Elf:1    | Found a runed translucent gate.
 22235 | Elf:1    | Found a runed translucent gate.
 22235 | Elf:1    | Found a runed translucent gate.
 22237 | Elf:1    | Noticed a tentacled monstrosity
 22237 | Elf:1    | Noticed a tentacled monstrosity
 22238 | Elf:1    | Noticed a tentacled monstrosity
 22249 | Elf:1    | Reached skill level 16 in Unarmed Combat
 22498 | Elf:1    | Found a magical portal.
 22501 | WizLab   | Entered Yara's Duelist Academy
 22537 | WizLab   | Learned a level 2 spell: Blink
 22598 | WizLab   | Noticed a black draconian knight
 22632 | WizLab   | Noticed a quicksilver dragon
 22632 | WizLab   | Noticed a tengu reaver
 22648 | WizLab   | HP: 8/160 [tengu reaver/+2 antimagic quick blade (9)]
 22649 | WizLab   | Mangled by a vampire mage

Illustrated notes

Levels and vault maps discovered:
D:1:      dpeg_arrival_refuge, layout_basic
D:2:      minmay_angry_zag, layout_rooms
D:3:      layout_basic, nicolae_ecumenical_snake_handling
D:4:      layout_loops_ring, nicolae_tso_besieged_by_evil,
          mainiacjoe_overflow_brackets, minmay_misc_feat_diagonals
D:5:      layout_layer_cave, fiery_altar_vehumet, cheibriados_altar_1,
          cheibrodos_sewer_entry_bend, minmay_door_square,
          minmay_manual_mandibuliform
D:6:      layout_basic, zin_academy, uniq_duvessa, uniq_prince_ribbit1
D:7:      layout_rooms, minmay_temple_entry_from_below_b
D:8:      layout_loops_ring, mainiacjoe_overflow_divided_tiny,
          ebering_ghost_funeral_grove
D:9:      layout_rooms, lemuel_doored_altar, minmay_tree_intersection,
          minmay_checkerbox
D:10:     layout_rooms, amethyst_overflow_temple_binary,
          nicolae_overflow_hidden_temple, orc_0_dummy,
          kennysheep_generic_room_11, uniq_grum
D:11:     layout_basic, lair_entry_dummy
Lair:1:   layout_cave_pods, grunt_megastairs_3, infiniplex_staircase_pool,
          uniq_urug
Lair:2:   layout_gridlike, minivault_11, chequers_serial_rivers_small_b,
          lemuel_centaur_altar
Lair:3:   layout_regular_city, minmay_shoals_entry_hut,
          minmay_snake_entry_guardpost_medium, gammafunk_lair_bear_cave,
          uniq_snorg
Lair:4:   cheibrodos_lair_river_kwai, layout_concentric_octagons, slime_entry_1,
          beast_lair_carwin_9
Lair:5:   evilmike_catoblepas_cave, layout_gridlike, enter_volcano_3,
          nicolae_quartered_pool_impasse
Orc:1:    layout_caves, gammafunk_ghost_wrathful_warriors,
          kennysheep_orc_sif_temple, uniq_nergalle
Orc:2:    grunt_orc_gardens, layout_caves, grunt_orc_garden, grunt_orc_garden,
          grunt_orc_garden, grunt_orc_garden, basic_altar
Elf:1:    eino_elf_arrival_altar, layout_onion_city, mu_enter_wizlab_7,
          ploomutoo_gammafunk_ghost_potion_laboratory, minivault_28,
          grunt_ministairs_11, nicolae_elf_big_sculpture_3
WizLab:   wizlab_yara

Skill      XL: |  1  2  3  4  5  6  7  8  9 10 11 12 13 14 |
---------------+-------------------------------------------+-----
Transmutations | 2 3 4 5 6 7 8 9 11 | 11.0
Unarmed Combat | 3 4 5 6 8 9 10 12 13 15 16 | 16.3
Spellcasting   | 2 3 4 5 6 7 9 10 11 | 11.0
Dodging        | 2 3 4 5 6 7 |  7.8
Armour         | 1 2 4 5 7 8 |  8.6
Fighting       | 1 2 |  2.1
Throwing       | 1 |  1.0
Stealth        | |  0.5
Summonings     | |  0.4
Evocations     | |  0.1

Action                     |  1- 3 |  4- 6 |  7- 9 | 10-12 | 13-15 || total
---------------------------+-------+-------+-------+-------+-------++-------
  Melee: Unarmed           |   115 |   183 |   260 |   729 |   593 ||  1880
         Kick              |    14 |    21 |    38 |   120 |    12 ||   205
         Headbutt          |     7 |    10 |    33 |    70 |     6 ||   126
         Punch             |     2 |     4 |    12 |    49 |    71 ||   138
  Throw: Dart              |       |     3 |    11 |    20 |     5 ||    39
         Boomerang         |       |       |     2 |       |       ||     2
         Throwing net      |       |       |       |     1 |       ||     1
   Cast: Beastly Appendage |    12 |    19 |    22 |    32 |     3 ||    88
         Wereblood         |     4 |    18 |    19 |    35 |    21 ||    97
         Summon Small Mamm |       |       |     5 |    53 |     6 ||    64
         Blade Hands       |       |       |       |    29 |    47 ||    76
  Evoke: Wand              |       |     5 |    25 |    14 |    11 ||    55
    Use: Scroll            |       |     9 |     6 |     7 |    17 ||    39
         Potion            |       |     1 |     7 |     6 |     8 ||    22
   Stab: Sleeping          |       |     3 |       |       |       ||     3
         Distracted        |       |       |     2 |     3 |       ||     5
         Paralysed         |       |       |     1 |       |       ||     1
         Invisible         |       |       |       |     9 |    32 ||    41
         Held in net/web   |       |       |       |     1 |       ||     1
 Armour: Robe              |    10 |    25 |       |       |       ||    35
         Scale mail        |       |    31 |   106 |   389 |   160 ||   686
         Skin              |       |       |    47 |     4 |       ||    51
  Dodge: Dodged            |    86 |   146 |   201 |   848 |   675 ||  1956

Table legend: (Time is in decaauts)
 A = Elapsed time spent in this place.
 B = Non-inter-level travel time spent in this place.
 C = Inter-level travel time spent in this place.
 D = Time resting spent in this place.
 E = Time spent auto-exploring this place.
 F = Levels seen in this place.
 G = Mean time per level.
                   A        B        C        D        E       F      G
               +--------+--------+--------+--------+--------+-----+--------+
         Total |  22333 |  21581 |    752 |   3390 |  13315 |  22 | 1015.1 |
       Dungeon |  11140 |  10664 |    476 |   1117 |   7290 |  11 | 1012.7 |
          Lair |   8106 |   7919 |    187 |   1675 |   4772 |   5 | 1621.2 |
  Orcish Mines |   1680 |   1609 |     71 |    244 |   1002 |   2 |  840.0 |
   Elven Halls |    427 |    410 |     17 |     51 |     19 |   1 |  427.0 |
         Sewer |    237 |    237 |      0 |      9 |    150 |   1 |  237.0 |
       Volcano |    610 |    610 |      0 |    268 |     81 |   1 |  610.0 |
        Wizlab |    131 |    131 |      0 |     25 |      0 |   1 |  131.0 |
               +--------+--------+--------+--------+--------+-----+--------+

Top non-repeatable levels by time:
  Lair:2: 1852 daAuts
  Lair:4: 1835 daAuts
  Lair:5: 1671 daAuts
    D:11: 1554 daAuts
  Lair:3: 1446 daAuts
    D:10: 1440 daAuts
     D:5: 1435 daAuts
     D:9: 1344 daAuts
  Lair:1: 1300 daAuts
     D:6: 1235 daAuts
   Orc:2: 1211 daAuts
     D:8: 1010 daAuts
     D:3: 974 daAuts
     D:2: 672 daAuts
     D:1: 638 daAuts
